AoeStats
← SleepyDango

MegaRandom

510823236Analyzed
3v3 RM · 14h ago on Oct 2, 2026· 59m 47s· 6 players
Game mode
Random Map
Map size
Normal (6 player)
Population
200
Speed
Normal
Resources
Standard
Victory
Conquest
Starting age
Dark Age
Ending age
Imperial Age
RankedLock teamsTeams togetherTeam positionsShared explorationLock speedFull tech treeHidden civsTurbo modeCheats
Victory
Defeat
🇩🇪 Franks · Germany
1078
+16
🇬🇧 Britons · United Kingdom
1063
+16
🇦🇷 Byzantines · Argentina
1056
+17
🇬🇧 Burmese · United Kingdom
1080
-17
🇬🇧 Persians · United Kingdom
1069
-16
🇬🇧 Berbers · United Kingdom
1069
-16
Tomii610
10:32 Feudal Age
15:49 Castle Age
15:02 Double-Bit Axe
15:00 Horse Collar
18:19 Gold Mining
19:01 Loom
22:48 Stone Mining
24:21 Wheelbarrow
26:53 Imperial Age
25:28 Hand Cart
25:18 Heavy Plow
25:31 Bow Saw
26:12 Scale Barding Armor
27:23 Husbandry
27:41 Forging
27:29 Heavy Camel Rider
29:26 Gold Shaft Mining
29:58 Iron Casting
29:43 Chain Barding Armor
30:13 Ballistics
30:54 Chemistry
36:09 Chain Barding Armor
35:39 Fletching
35:50 Padded Archer Armor
39:28 Murder Holes
40:48 Conscription
41:04 Thumb Ring
40:25 Pikeman
41:25 Leather Archer Armor
41:11 Scale Mail Armor
41:48 Plate Barding Armor
41:49 Gambesons
42:04 Squires
41:50 Arson
42:28 Light Cavalry
43:12 Halberdier
47:12 Hussar
54:01 Elite Skirmisher
Farrix
9:55 Loom
12:26 Feudal Age
16:18 Castle Age
14:09 Double-Bit Axe
20:49 Scale Mail Armor
23:58 Wheelbarrow
24:20 Fletching
24:30 Crossbowman
25:04 Pikeman
26:28 Forging
32:39 Imperial Age
31:12 Bodkin Arrow
33:51 Hand Cart
33:53 Capped Ram
39:17 Ballistics
39:15 Padded Archer Armor
41:21 Chemistry
43:20 Bracer
44:43 Elite Longbowman
48:49 Halberdier
50:26 Conscription
59:42 Caravan
bastefan
10:37 Feudal Age
11:49 Double-Bit Axe
17:10 Castle Age
16:01 Loom
16:56 Wheelbarrow
16:47 Scale Barding Armor
17:27 Forging
17:52 Husbandry
18:52 Gold Mining
22:34 Gold Shaft Mining
22:16 Stone Mining
23:14 Bow Saw
27:35 Chain Barding Armor
27:54 Iron Casting
31:20 Fletching
33:08 Light Cavalry
40:05 Imperial Age
38:14 Hand Cart
40:13 Cavalier
42:34 Paladin
43:44 Conscription
43:18 Town Watch
43:39 Paladin
45:27 Pikeman
46:14 Squires
45:59 Halberdier
48:03 Scale Mail Armor
50:10 Chain Mail Armor
50:56 Blast Furnace
51:48 Ballistics
51:25 Murder Holes
52:05 Plate Mail Armor
52:12 Plate Barding Armor
51:00 Paladin
53:52 Capped Ram
56:38 Bodkin Arrow
King Cloon
5:20 Loom
11:51 Feudal Age
15:42 Castle Age
13:45 Double-Bit Axe
14:55 Gold Mining
16:03 Horse Collar
19:29 Heavy Plow
20:57 Bloodlines
25:11 Scale Barding Armor
25:58 Wheelbarrow
25:09 Town Watch
26:42 Chain Barding Armor
28:46 Forging
30:10 Iron Casting
34:11 Imperial Age
33:51 Heavy Camel Rider
35:16 Crop Rotation
35:25 Gold Shaft Mining
35:20 Husbandry
36:58 Chemistry
38:49 Bow Saw
38:51 Guilds
39:14 Coinage
40:38 Ballistics
40:41 Conscription
40:50 Medium Warships
40:34 Fletching
42:00 Heavy Warships
44:10 Hand Cart
44:07 Stone Mining
44:54 Caravan
47:35 Town Patrol
48:17 Banking
48:54 Two-Man Saw
48:18 Kamandaran
51:20 Thumb Ring
50:37 Crossbowman
51:14 Bodkin Arrow
51:20 Padded Archer Armor
52:56 Leather Archer Armor
52:42 Murder Holes
54:24 Ring Archer Armor
54:56 Cavalier
56:04 Savar
SleepyDango
11:12 Feudal Age
9:28 Loom
15:42 Castle Age
15:16 Horse Collar
18:02 Heavy Plow
19:31 Gold Mining
20:53 Scale Barding Armor
20:58 Forging
22:55 Bloodlines
24:21 Husbandry
24:10 Pikeman
26:06 Chain Barding Armor
25:58 Manipur Cavalry
28:06 Fletching
28:27 Forging
33:16 Bodkin Arrow
33:21 Padded Archer Armor
34:36 Iron Casting
39:00 Imperial Age
40:51 Plate Barding Armor
41:23 Blast Furnace
41:01 Elite Skirmisher
42:10 Conscription
41:53 Howdah
42:40 Caravan
43:11 Bracer
44:35 Wheelbarrow
45:09 Cavalier
45:30 Elite Battle Elephant
48:33 Crop Rotation
49:04 Elite Skirmisher
52:32 Light Cavalry
56:05 Squires
55:36 Heavy Scorpion
KoolarSmith
8:20 Loom
10:51 Feudal Age
15:47 Castle Age
21:08 Double-Bit Axe
21:13 Horse Collar
26:33 Husbandry
27:35 Bloodlines
30:59 Imperial Age
28:34 Fletching
30:36 Scale Barding Armor
30:42 Forging
31:53 Chain Barding Armor
32:16 Bow Saw
33:43 Chemistry
33:32 Iron Casting
32:55 Gold Mining
33:35 Heavy Camel Rider
35:57 Wheelbarrow
37:21 Hand Cart
41:09 Blast Furnace
51:40 Squires
51:57 Man-at-Arms
53:12 Heavy Scorpion
54:37 Heavy Plow
54:08 Long Swordsman
59:07 Murder Holes
Connection lost

Rejoining the realm…

Still unreachable

The connection could not be restored.

Session expired

The server has moved on; the page needs a fresh start.